SKY
MINNESOTA TWINS @ BOSTON RED SOX
08/17/2052
 
TOP OF THE 1ST
Minnesota Twins batting - Pitching for Boston Red Sox : RHP Ángel Villanueva
Pitching: RHP Ángel Villanueva
Batting: RHB Samuel Everhart 0-0: Ball
1-0: Ball
2-0: Ball
3-0: Called Strike
3-1: SINGLE (Line Drive, 4M, EV 96.9 MPH)
Batting: LHB Thomas Smith 0-0: Ball
1-0: Bunted foul
1-1: Called Strike
1-2: Ball
2-2: Ball
3-2: Foul Ball, location: 7LMF
3-2: Fly out, F7 (Line Drive, 78M, EV 101.9 MPH)
Batting: RHB Raul Cathey 0-0: Called Strike
Samuel Everhart steals 2nd base
0-1: Called Strike
0-2: Ball
1-2: Strikes out swinging
Batting: LHB Archer Charles 0-0: Foul Ball, location: 3FF
0-1: Ball
1-1: DOUBLE (Line Drive, 78XD, EV 99.4 MPH)
Samuel Everhart scores
Batting: LHB Rusty Holmes 0-0: Ball
1-0: Foul Ball, location: 2RF
1-1: Fly out, F5 (Popup, 5S, EV 81.3 MPH)
Top of the 1st over - 1 run, 2 hits, 0 errors, 1 left on base; Minnesota 1 - Boston 0
BOTTOM OF THE 1ST
Boston Red Sox batting - Pitching for Minnesota Twins : RHP Roberto Bush
Pitching: RHP Roberto Bush
Batting: SHB Ward Saylor 0-0: Swinging Strike
0-1: Ball
1-1: Ball
2-1: Foul Ball, location: 2F
2-2: Strikes out swinging
Batting: LHB Jaxson Eisley 0-0: Called Strike
0-1: Ball
1-1: Swinging Strike
1-2: Ball
2-2: Strikes out swinging
Batting: SHB Christian Gibbs 0-0: Called Strike
0-1: Called Strike
0-2: Strikes out looking
Bottom of the 1st over - 0 runs, 0 hits, 0 errors, 0 left on base; Minnesota 1 - Boston 0
TOP OF THE 2ND
Minnesota Twins batting - Pitching for Boston Red Sox : RHP Ángel Villanueva
Batting: RHB Zachary Dahdal 0-0: Ball
1-0: Fly out, F9 (Flyball, 9, EV 95.6 MPH)
Batting: LHB Stanfield Reaves 0-0: Ball
1-0: Ball
2-0: Ground out 4-3 (Groundball, 4M, EV 93.1 MPH)
Batting: RHB Jordi Ortiz 0-0: Ground out 6-3 (Groundball, 6MD, EV 106.9 MPH)
Top of the 2nd over - 0 runs, 0 hits, 0 errors, 0 left on base; Minnesota 1 - Boston 0
BOTTOM OF THE 2ND
Boston Red Sox batting - Pitching for Minnesota Twins : RHP Roberto Bush
Batting: RHB William Spicer 0-0: Foul Ball, location: 9LDF
0-1: Foul Ball, location: 5DF
0-2: Ball
1-2: Foul Ball, location: 2F
1-2: Ball
2-2: Fly out, F7 (Flyball, 7S, EV 90.6 MPH)
Batting: LHB Ben Viet 0-0: Called Strike
0-1: Ball
1-1: Ball
2-1: Fly out, F4 (Flyball, 34D, EV 95.6 MPH)
Batting: RHB Pooh Whitney 0-0: Foul Ball, location: 3F
0-1: Swinging Strike
0-2: Strikes out looking
Bottom of the 2nd over - 0 runs, 0 hits, 0 errors, 0 left on base; Minnesota 1 - Boston 0
TOP OF THE 3RD
Minnesota Twins batting - Pitching for Boston Red Sox : RHP Ángel Villanueva
Batting: LHB Dan Crain 0-0: Ground out 4-3 (Groundball, 3D, EV 105.6 MPH)
Batting: RHB Samuel Everhart 0-0: Ball
1-0: SINGLE (Groundball, 4MD, EV 105.0 MPH)
Batting: LHB Thomas Smith 0-0: Ball
1-0: Fly out, F5 (Popup, 25F, EV 94.4 MPH)
Batting: RHB Raul Cathey 0-0: Ball
Samuel Everhart steals 2nd base
1-0: Foul Ball, location: 2F
1-1: Fly out, F8 (Flyball, 89D, EV 98.8 MPH)
Top of the 3rd over - 0 runs, 1 hit, 0 errors, 1 left on base; Minnesota 1 - Boston 0
BOTTOM OF THE 3RD
Boston Red Sox batting - Pitching for Minnesota Twins : RHP Roberto Bush
Batting: RHB Brooks Tucker 0-0: Ball
1-0: Ball
2-0: Ball
3-0: Called Strike
3-1: Called Strike
3-2: Foul Ball, location: 9LDF
3-2: SINGLE (Groundball, 4D, EV 110.6 MPH)
Batting: RHB Elías Espinosa 0-0: Ball
1-0: Ball
2-0: Called Strike
2-1: Bunted foul
2-2: Ball
3-2: Grounds into double play, 1-6-3 (Groundball, 13, EV 67.5 MPH)
Batting: LHB Chase Veliz 0-0: Swinging Strike
0-1: Swinging Strike
0-2: Ball
1-2: Foul Ball, location: 7LSF
1-2: Ball
2-2: Ball
3-2: Foul Ball, location: 9LDF
3-2: Fly out, F8 (Flyball, 8RD, EV 101.9 MPH)
Bottom of the 3rd over - 0 runs, 1 hit, 0 errors, 0 left on base; Minnesota 1 - Boston 0
TOP OF THE 4TH
Minnesota Twins batting - Pitching for Boston Red Sox : RHP Ángel Villanueva
Batting: LHB Archer Charles 0-0: Swinging Strike
0-1: Ball
1-1: Foul Ball, location: 2F
1-2: Ball
2-2: DOUBLE (Flyball, 78XD, EV 102.5 MPH)
Batting: LHB Rusty Holmes 0-0: Swinging Strike
0-1: Ball
1-1: Foul Ball, location: 2F
1-2: Ground out 6-3 (Groundball, 6M, EV 106.3 MPH)
Archer Charles to third
Batting: RHB Zachary Dahdal 0-0: Foul Ball, location: 3F
0-1: Ball
1-1: Ball
2-1: Foul Ball, location: 2F
2-2: Foul Ball, location: 9LSF
2-2: Foul Ball, location: 2F
2-2: Foul Ball, location: 2F
2-2: Ball
3-2: Base on Balls
Batting: LHB Stanfield Reaves 0-0: Ball
1-0: Ground out 6-3 (Groundball, 6MD, EV 103.8 MPH)
Archer Charles scores
Zachary Dahdal to second
Batting: RHB Jordi Ortiz 0-0: Ball
1-0: Called Strike
1-1: Foul Ball, location: 5F
1-2: Foul Ball, location: 2F
1-2: Ball
2-2: Foul Ball, location: 2F
2-2: Foul Ball, location: 5DF
2-2: Ball
3-2: Base on Balls
Batting: LHB Dan Crain 0-0: Ball
1-0: Ball
2-0: Ball
3-0: Base on Balls
Zachary Dahdal to third
Jordi Ortiz to second
Batting: RHB Samuel Everhart 0-0: Ball
1-0: Called Strike
1-1: SINGLE (Line Drive, 9LS, EV 102.5 MPH)
Zachary Dahdal scores
Jordi Ortiz to third
Dan Crain to second
Runner from 3rd tries for Home, SAFE, throw by RF to home
Batting: LHB Thomas Smith 0-0: Ball
1-0: Swinging Strike
1-1: Ball
2-1: Ball
3-1: Base on Balls
Dan Crain to third
Samuel Everhart to second
Batting: RHB Raul Cathey 0-0: Swinging Strike
0-1: Ball
1-1: Foul Ball, location: 3FF
1-2: Strikes out swinging
Top of the 4th over - 3 runs, 2 hits, 0 errors, 3 left on base; Minnesota 4 - Boston 0
BOTTOM OF THE 4TH
Boston Red Sox batting - Pitching for Minnesota Twins : RHP Roberto Bush
Batting: SHB Ward Saylor 0-0: Called Strike
0-1: Ball
1-1: Ball
2-1: Called Strike
2-2: Strikes out looking
Batting: LHB Jaxson Eisley 0-0: Ball
1-0: Called Strike
1-1: Foul Ball, location: 7LMF
1-2: Foul Ball, location: 2F
1-2: Ball
2-2: Ball
3-2: Foul Ball, location: 2F
3-2: Strikes out swinging
Batting: SHB Christian Gibbs 0-0: Called Strike
0-1: Called Strike
0-2: Fly out, F9 (Flyball, 9S, EV 96.9 MPH)
Bottom of the 4th over - 0 runs, 0 hits, 0 errors, 0 left on base; Minnesota 4 - Boston 0
TOP OF THE 5TH
Minnesota Twins batting - Pitching for Boston Red Sox : RHP Ángel Villanueva
Batting: LHB Archer Charles 0-0: Foul Ball, location: 3FF
0-1: Fly out, F7 (Flyball, 7S, EV 90.6 MPH)
Batting: LHB Rusty Holmes 0-0: Called Strike
0-1: Ball
1-1: Ground out 4-3 (Groundball, 4S, EV 75.6 MPH)
Batting: RHB Zachary Dahdal 0-0: Ball
1-0: Ball
2-0: Ball
3-0: Base on Balls
Pitching: RHP Bernie Stilger
Batting: LHB Stanfield Reaves 0-0: Ball
1-0: Foul Ball, location: 3F
1-1: Fly out, F2 (Popup, 25F, EV 90.0 MPH)
Top of the 5th over - 0 runs, 0 hits, 0 errors, 1 left on base; Minnesota 4 - Boston 0
BOTTOM OF THE 5TH
Boston Red Sox batting - Pitching for Minnesota Twins : RHP Roberto Bush
Batting: RHB William Spicer 0-0: Ball
1-0: Foul Ball, location: 2F
1-1: Swinging Strike
1-2: Ball
2-2: DOUBLE (Line Drive, 78M, EV 90.6 MPH)
Batting: LHB Ben Viet 0-0: Called Strike
0-1: Ball
1-1: SINGLE (Line Drive, 4MD, EV 93.8 MPH)
William Spicer to third
Batting: RHB Pooh Whitney 0-0: Called Strike
0-1: Fly out, F4 (Popup, 23, EV 94.4 MPH)
Batting: RHB Brooks Tucker 0-0: Ball
1-0: Ball
2-0: Ball
3-0: Called Strike
3-1: Called Strike
3-2: Strikes out swinging
Batting: RHB Elías Espinosa 0-0: Called Strike
0-1: Ball
1-1: Called Strike
1-2: Foul Ball, location: 2F
1-2: Foul Ball, location: 2F
1-2: Ball
2-2: Foul Ball, location: 2F
Pickoff Throw to First - Out! 1-3
Bottom of the 5th over - 0 runs, 2 hits, 0 errors, 1 left on base; Minnesota 4 - Boston 0
TOP OF THE 6TH
Minnesota Twins batting - Pitching for Boston Red Sox : RHP Bernie Stilger
Batting: RHB Jordi Ortiz 0-0: Called Strike
0-1: Fly out, F9 (Line Drive, 9D, EV 89.4 MPH)
Batting: LHB Dan Crain 0-0: Called Strike
0-1: Ball
1-1: Ball
2-1: Foul Ball, location: 3F
2-2: Foul Ball, location: 7LMF
2-2: Foul Ball, location: 2F
2-2: Foul Ball, location: 5FF
2-2: Fly out, F7 (Line Drive, 7S, EV 103.1 MPH)
Now in LF: Ben Viet
Now in RF: Ruben Otero
Batting: RHB Samuel Everhart 0-0: Ball
1-0: Fly out, F7 (Flyball, 78D, EV 103.1 MPH)
Top of the 6th over - 0 runs, 0 hits, 0 errors, 0 left on base; Minnesota 4 - Boston 0
BOTTOM OF THE 6TH
Boston Red Sox batting - Pitching for Minnesota Twins : RHP Roberto Bush
Batting: RHB Elías Espinosa 0-0: Foul Ball, location: 2F
0-1: Foul Ball, location: 2F
0-2: Ball
1-2: Ball
2-2: Fly out, F7 (Flyball, 7LS, EV 95.0 MPH)
Batting: LHB Chase Veliz 0-0: Ball
1-0: Ground out 6-3 (Groundball, P, EV 85.6 MPH)
Batting: SHB Ward Saylor 0-0: Ball
1-0: Called Strike
1-1: Called Strike
1-2: Ball
2-2: Strikes out swinging
Bottom of the 6th over - 0 runs, 0 hits, 0 errors, 0 left on base; Minnesota 4 - Boston 0
TOP OF THE 7TH
Minnesota Twins batting - Pitching for Boston Red Sox : RHP Bernie Stilger
Batting: LHB Thomas Smith 0-0: SINGLE (Groundball, 4, EV 101.3 MPH) (infield hit)
Batting: RHB Raul Cathey 0-0: Called Strike
0-1: Swinging Strike
0-2: Strikes out swinging
Batting: LHB Archer Charles 0-0: Ball
1-0: TRIPLE (Flyball, 78XD, EV 105.6 MPH)
Thomas Smith scores
Batting: LHB Rusty Holmes 0-0: Ball
1-0: Ball
2-0: Ball
3-0: Foul Ball, location: 25FF
3-1: SINGLE (Flyball, 78S, EV 93.1 MPH)
Archer Charles scores
Batting: RHB Zachary Dahdal 0-0: Ball
1-0: Called Strike
1-1: Grounds into double play, 6-4-3 (Groundball, 6, EV 103.8 MPH)
Top of the 7th over - 2 runs, 3 hits, 0 errors, 0 left on base; Minnesota 6 - Boston 0
BOTTOM OF THE 7TH
Boston Red Sox batting - Pitching for Minnesota Twins : RHP Roberto Bush
Pitching: RHP Marco Ortiz
Batting: LHB Jaxson Eisley 0-0: Foul Ball, location: 2RF
0-1: Foul Ball, location: 9LDF
0-2: Ball
1-2: Strikes out swinging
Batting: SHB Christian Gibbs 0-0: Ball
1-0: Ball
2-0: Swinging Strike
2-1: Foul Ball, location: 2F
2-2: Strikes out looking
Batting: RHB Ruben Otero 0-0: Ground out 6-3 (Groundball, 6, EV 100.6 MPH)
Bottom of the 7th over - 0 runs, 0 hits, 0 errors, 0 left on base; Minnesota 6 - Boston 0
TOP OF THE 8TH
Minnesota Twins batting - Pitching for Boston Red Sox : RHP Bernie Stilger
Batting: LHB Stanfield Reaves 0-0: Called Strike
0-1: Fly out, F5 (Popup, 5S, EV 70.0 MPH)
Batting: RHB Jordi Ortiz 0-0: Ground out 4-3 (Groundball, 4, EV 85.0 MPH)
Batting: LHB Dan Crain 0-0: Swinging Strike
0-1: Ball
1-1: Ball
2-1: Ball
3-1: Base on Balls
Batting: RHB Samuel Everhart 0-0: Ball
1-0: Ball
2-0: SINGLE (Groundball, 34D, EV 95.0 MPH)
Dan Crain to second
Runner from 2nd tries for 3rd, SAFE, no throw by RF
Batting: LHB Thomas Smith 0-0: Ball
Samuel Everhart steals 2nd base
1-0: Ball
2-0: Called Strike
2-1: Called Strike
2-2: SINGLE (Line Drive, 78S, EV 90.6 MPH)
Dan Crain scores
Samuel Everhart to third
Runner from 3rd tries for Home, SAFE, throw by LF to home
Pinch Hitting: LHB Loren Cortez 0-0: Ground out 1-3 (Groundball, 15S, EV 66.3 MPH)
Top of the 8th over - 2 runs, 2 hits, 0 errors, 1 left on base; Minnesota 8 - Boston 0
BOTTOM OF THE 8TH
Boston Red Sox batting - Pitching for Minnesota Twins : RHP Marco Ortiz
Now in RF: Loren Cortez
Batting: LHB Ben Viet 0-0: Ball
1-0: Ball
2-0: SINGLE (Flyball, 8LS, EV 96.3 MPH)
Batting: RHB Pooh Whitney 0-0: Ball
1-0: Grounds into double play, 6-4-3 (Groundball, 6, EV 89.4 MPH)
Batting: RHB Brooks Tucker 0-0: Called Strike
0-1: Ball
1-1: Ball
2-1: Ball
3-1: Foul Ball, location: 2F
3-2: Base on Balls
Batting: RHB Elías Espinosa 0-0: Ball
1-0: Ball
2-0: Called Strike
2-1: SINGLE (Line Drive, 6MD, EV 100.6 MPH)
Brooks Tucker to second
Batting: LHB Chase Veliz 0-0: Ball
1-0: Foul Ball, location: 3F
1-1: Ground out 6-3 (Groundball, 6S, EV 80.0 MPH)
Bottom of the 8th over - 0 runs, 2 hits, 0 errors, 2 left on base; Minnesota 8 - Boston 0
TOP OF THE 9TH
Minnesota Twins batting - Pitching for Boston Red Sox : RHP Bernie Stilger
Pitching: RHP Jayden Spencer
Batting: LHB Archer Charles 0-0: Ball
1-0: Ground out U3 (Groundball, 3, EV 86.3 MPH)
Batting: LHB Rusty Holmes 0-0: Ball
1-0: Ground out 1-3 (Groundball, 15S, EV 71.3 MPH)
Batting: RHB Zachary Dahdal 0-0: Ball
1-0: Swinging Strike
1-1: Called Strike
1-2: Fly out, F9 (Flyball, 9D, EV 100.6 MPH)
Top of the 9th over - 0 runs, 0 hits, 0 errors, 0 left on base; Minnesota 8 - Boston 0
BOTTOM OF THE 9TH
Boston Red Sox batting - Pitching for Minnesota Twins : RHP Marco Ortiz
Batting: SHB Ward Saylor 0-0: Foul Ball, location: 2F
0-1: Ball
1-1: Swinging Strike
1-2: Foul Ball, location: 2F
1-2: Foul Ball, location: 2F
1-2: Ball
2-2: Ball
3-2: Strikes out swinging
Batting: LHB Jaxson Eisley 0-0: Called Strike
0-1: Ball
1-1: Foul Ball, location: 5F
1-2: Ball
2-2: SINGLE (Flyball, 8LS, EV 96.3 MPH)
Batting: SHB Christian Gibbs 0-0: Foul Ball, location: 3DF
0-1: Ball
1-1: Swinging Strike
1-2: Foul Ball, location: 23FF
1-2: Strikes out swinging
Batting: RHB Ruben Otero 0-0: Called Strike
0-1: Fly out, F7 (Flyball, 7, EV 92.5 MPH)
Bottom of the 9th over - 0 runs, 1 hit, 0 errors, 1 left on base; Minnesota 8 - Boston 0
Friday, May 3rd , 2024 - OOTP Baseball 24.11 Build 85